 Dungeon Crawl Stone Soup version 0.31-a0-486-g8d68a81214 (webtiles) character file.

Game seed: 14539230725453119748

3944 pokeman the Thaumaturge (level 10, -8/56 HPs)
             Began as a Deep Elf Hedge Wizard on Aug 7, 2023.
             Was a Follower of Vehumet.
             Mangled by an orc warlord
             ... wielding a +5 battleaxe
              (21 damage)
             ... in a bailey.
             The game lasted 00:18:30 (9423 turns).

pokeman the Thaumaturge (Deep Elf Hedge Wizard)     Turns: 9423, Time: 00:18:31

Health: -8/56      AC:  6    Str:  7    XL:     10   Next: 1%
Magic:  16/28      EV: 12    Int: 24    God:    Vehumet [*.....]
Gold:   467        SH:  0    Dex: 14    Spells: 22/34 levels left

rFire   + . .        f - +4 dagger (venom)
rCold   . . .        (no shield)
rNeg    + . .        n - +3 leather armour {rN+}
rPois   .            c - +0 hat
rElec   .            (no cloak)
rCorr   +            (no gloves)
SInv    .            (no boots)
Will    +....        (no amulet)
Stlth   ++           j - ring of resist corrosion
HPRegen 0.29/turn    l - ring of protection from fire
MPRegen 0.21/turn

%: no passive effects
@: very slightly contaminated
A: no striking features
a: Renounce Religion


You were in a bailey.
You worshipped Vehumet.
Vehumet was aware of your devotion.
You visited 2 branches of the dungeon, and saw 9 of its levels.
You also visited: Bailey.

You collected 500 gold pieces.
You spent 33 gold pieces at shops.

Inventory:

Hand Weapons
 f - a +4 dagger of venom (weapon)
Missiles
 B - a throwing net
 E - a curare-tipped dart
Armour
 c - a +0 hat (worn)
 n - a +3 leather armour of positive energy (worn)
Magical Staves
 i - a staff of air
 k - a staff of death
Jewellery
 j - a ring of resist corrosion (left hand)
 l - a ring of protection from fire (right hand)
 D - an amulet of faith
Wands
 t - a wand of polymorph (11)
 v - a wand of mindburst (4)
 y - a wand of flame (22)
Scrolls
 a - 4 scrolls of teleportation
 e - 3 scrolls of enchant weapon
 g - a scroll of vulnerability {unknown}
 m - a scroll of poison {unknown}
 p - 2 scrolls of fog {unknown}
 q - a scroll of revelation {unknown}
 s - 2 scrolls of amnesia {unknown}
 A - 3 scrolls of blinking {unknown}
 C - a scroll of silence {unknown}
 F - a scroll of brand weapon {unknown}
 G - 3 scrolls of enchant armour {unknown}
 H - a scroll of fear {unknown}
Potions
 b - 3 potions of haste {unknown}
 d - 2 potions of magic
 h - 2 potions of berserk rage {unknown}
 o - a potion of ambrosia {unknown}
 r - 3 potions of attraction {unknown}
 u - a potion of lignification {unknown}
 w - 2 potions of mutation {unknown}
 x - 2 potions of brilliance {unknown}
 z - a potion of heal wounds {unknown}
 I - a potion of cancellation {unknown}


   Skills:
 + Level 3.5 Fighting
 - Level 3.2 Armour
 - Level 3.0 Dodging
 - Level 3.0 Stealth
 * Level 12.5 Spellcasting
 + Level 7.1 Conjurations
 - Level 1.1 Summonings
 - Level 1.2 Necromancy
 - Level 1.1 Translocations
 - Level 1.2 Air Magic
 + Level 6.0 Earth Magic
 - Level 1.2 Poison Magic
 - Level 1.0 Evocations


You had 22 spell levels left.
You knew the following spells:

 Your Spells              Type           Power      Damage    Failure   Level
a - Magic Dart            Conj           100%       1d8       1%          1
b - Mephitic Cloud        Conj/Pois/Air  30%        N/A       4%          3
c - Call Imp              Summ           40%        N/A       5%          2
d - Blink                 Tloc           40%        N/A       5%          2
e - Foxfire               Conj/Fire      100%       2x1d9     1%          1
f - Stone Arrow           Conj/Erth      92%        3d12      1%          3

Your spell library contained the following spells:

 Spells                   Type           Power      Damage    Failure   Level
 Sandblast                Erth           88%        2d18      1%          1
 Passwall                 Tmut/Erth      24%        N/A       2%          2
 Apportation              Tloc           40%        N/A       3%          1
 Necrotise                Necr           84%        1d8       3%          1
 Summon Small Mammal      Summ           80%        N/A       3%          1
 Hailstorm                Conj/Ice       32%        3d8       4%          3
 Cigotuvi's Dreadful Rot  Necr/Pois/Air  42%        N/A       5%          2
 Freeze                   Ice            60%        1d7       6%          1
 Slow                     Hex            60%        N/A       6%          1
 Frozen Ramparts          Ice            30%        1d5       19%         3


Dungeon Overview and Level Annotations

Branches:
Dungeon (8/15)             Temple (1/1) D:7          Bailey (1/1)
   Lair: D:8-11

Altars:
Ashenzari
Cheibriados
Dithmenos
Fedhas
Gozag
Hepliaklqana
Kikubaaqudgha
Makhleb
Nemelex Xobeh
Okawaru
Qazlal
Ru
Trog
Uskayaw
Vehumet
Wu Jian
Zin
The Shining One

Shops:
D:1 ?


Message History

There is an open gate, spattered with blood here.
You see here 2 boomerangs.
You feel less confused.
The orc warlord is engulfed in noxious fumes.
Aiming: Polymorph
Press: ? - help, Shift-Dir - straight line, f/p - orc warlord
Aim: an orc warlord, wielding a +5 battleaxe and wearing a +0 chain mail (noxious fumes, lightly wounded, confused, will become a purple draconian, a catoblepas, or a fire dragon, chance to affect: 19%)
Okay, then.
Aiming: Mindburst
Press: ? - help, Shift-Dir - straight line, f/p - orc warlord
Aim: an orc warlord, wielding a +5 battleaxe and wearing a +0 chain mail (noxious fumes, lightly wounded, confused, chance to affect: 34%)
The orc warlord easily resists.
The orc warlord is engulfed in noxious fumes.
The orc warlord appears confused.
The orc warlord looks very confused.
Aiming: Mindburst
Press: ? - help, Shift-Dir - straight line, f/p - orc warlord
Aim: an orc warlord, wielding a +5 battleaxe and wearing a +0 chain mail (lightly wounded, confused, chance to affect: 34%)
The orc warlord's mind is blasted!!
Unknown command.
Aiming: Mindburst
Press: ? - help, Shift-Dir - straight line, f/p - orc warlord
Aim: an orc warlord, wielding a +5 battleaxe and wearing a +0 chain mail (noxious fumes, moderately wounded, confused, chance to affect: 34%)
The orc warlord's mind is blasted!!
The orc warlord is engulfed in noxious fumes.
The orc warlord appears confused.
Aiming: Mindburst
Press: ? - help, Shift-Dir - straight line, f/p - orc warlord
Aim: an orc warlord, wielding a +5 battleaxe and wearing a +0 chain mail (heavily wounded, confused, chance to affect: 34%)
The orc warlord's mind is blasted!!
The orc warlord hits you with a +5 battleaxe!!
Ouch! That really hurt!
* * * LOW HITPOINT WARNING * * *
Casting: Mephitic Cloud (dangerous; 4% risk of failure)
Confirm with . or Enter, or press ? or * to list all spells.
You miscast Blink.
You are very lightly contaminated with residual magic.
Nothing appears to happen.
The orc warlord hits you with a +5 battleaxe!!
You die...

♣≈≈##.........#)~~~~#..
♣≈≈#..........#~~~~~#..
♣≈≈#..8..8....'..)).'..
♣≈≈#........#########..
♣≈≈##......##~~~#~~~###
♣...##.....#~).....~#~~
♣....##.[..#~?........~
♣♣...).#)(..##8.8...8.8~
♣.....o@(....#.........o
♣∩.∩...[.....#....∩....~
♣......(.....#.........~
♣♣...).#....##8.8...8.8~
♣...)##....#~!........~
♣...##.....#~).....~#~~
♣≈≈##......##~~~#~~~###
♣≈≈#........#########..
♣≈≈#..8..8....)...).'..


You could see an orc warlord (confused).

Vanquished Creatures
  2 orc knights (Bailey)
  Joseph (D:7)
  4 ice beasts
  An orc warrior (Bailey)
  2 sky beasts
  2 black bears (D:6)
  3 ogres
  A centaur (D:7)
  A phantom (D:6)
  A kobold brigand (D:8)
  A bullfrog (D:7)
  A gnoll sergeant (D:8)
  2 scorpions
  3 wights (D:7)
  3 killer bees (D:7)
  2 howler monkeys (D:7)
  A gnoll bouda (D:5)
  4 orc priests
  2 iguanas
  3 sleepcaps
  Jessica (D:2)
  3 orc wizards
  A mummy (D:4)
  18 gnolls
  5 adders
  3 shadow imps (D:7)
  3 white imps
  An ufetubus (D:6)
  A worm (D:2)
  4 dart slugs
  21 orcs
  7 endoplasms
  4 giant cockroaches (D:2)
  14 goblins
  11 hobgoblins
  6 jackals
  19 kobolds
  8 quokkas
  7 ball pythons
  5 bats
  3 frilled lizards
  A hobgoblin zombie (D:4)
  2 kobold zombies (D:4)
  An orc zombie (D:4)
  5 rats
194 creatures vanquished.

Vanquished Creatures (collateral kills)
  A ball python (D:3)
1 creature vanquished.

Vanquished Creatures (others)
  An orc warrior (D:6)
  69 foxfires (Bailey)
70 creatures vanquished.

Grand Total: 265 creatures vanquished

Notes
Turn   | Place    | Note
-------+----------+-------------------------------------------
     0 | D:1      | pokeman the Deep Elf Hedge Wizard began the quest for the
                  | Orb.
     0 | D:1      | Reached XP level 1. HP: 10/10 MP: 7/7
   323 | D:1      | Reached XP level 2. HP: 16/16 MP: 5/9
   956 | D:1      | Found Ineerghor's Magic Scroll Shop.
   959 | D:1      | Bought a scroll of identify for 22 gold pieces
   959 | D:1      | Bought a scroll of noise for 11 gold pieces
  1131 | D:2      | Reached skill level 5 in Spellcasting
  1282 | D:2      | Reached XP level 3. HP: 20/20 MP: 5/11
  1286 | D:2      | Learned a level 3 spell: Mephitic Cloud
  1289 | D:2      | Learned a level 2 spell: Call Imp
  1292 | D:2      | Learned a level 2 spell: Blink
  1393 | D:2      | Reached skill level 1 in Armour
  1552 | D:2      | Reached skill level 1 in Fighting
  1806 | D:2      | Noticed Jessica
  1810 | D:2      | Killed Jessica
  1811 | D:2      | Reached XP level 4. HP: 23/25 MP: 4/13
  2560 | D:3      | Reached XP level 5. HP: 29/29 MP: 8/15
  2653 | D:3      | Reached skill level 6 in Spellcasting
  3059 | D:3      | Reached skill level 1 in Necromancy
  3059 | D:3      | Reached skill level 1 in Evocations
  3338 | D:3      | Found a glowing silver altar of Zin.
  3400 | D:3      | Found a broken altar of Ashenzari.
  3921 | D:4      | Reached XP level 6. HP: 34/34 MP: 11/17
  4023 | D:4      | Noticed a sky beast
  4032 | D:4      | Killed a sky beast
  4033 | D:4      | Reached skill level 7 in Spellcasting
  4033 | D:4      | Reached skill level 1 in Air Magic
  4033 | D:4      | Reached skill level 1 in Poison Magic
  4229 | D:4      | Learned a level 3 spell: Stone Arrow
  5627 | D:5      | Entered Level 5 of the Dungeon
  5662 | D:5      | Noticed an ice beast
  5697 | D:5      | Killed an ice beast
  5698 | D:5      | Reached skill level 1 in Earth Magic
  5698 | D:5      | Reached XP level 7. HP: 33/38 MP: 14/20
  6032 | D:5      | Reached skill level 8 in Spellcasting
  6279 | D:5      | Found a sparkling altar of Nemelex Xobeh.
  6675 | D:6      | Reached XP level 8. HP: 44/44 MP: 15/22
  6746 | D:6      | Reached skill level 9 in Spellcasting
  7134 | D:6      | Reached skill level 5 in Conjurations
  7551 | D:7      | Reached skill level 10 in Spellcasting
  7685 | D:7      | Noticed Joseph
  7700 | D:7      | Killed Joseph
  7701 | D:7      | Reached XP level 9. HP: 42/48 MP: 11/25
  7992 | D:7      | Reached skill level 11 in Spellcasting
  8051 | D:7      | Reached skill level 5 in Earth Magic
  8219 | D:7      | Found a staircase to the Ecumenical Temple.
  8386 | Temple   | Entered the Ecumenical Temple
  8395 | Temple   | Became a worshipper of Vehumet
  8766 | D:8      | Found a flagged portal.
  8815 | Bailey   | Entered a bailey
  8838 | Bailey   | Reached * piety under Vehumet
  8838 | Bailey   | Offered knowledge of Foxfire by Vehumet.
  8841 | Bailey   | Learned a level 1 spell: Foxfire
  8933 | Bailey   | Noticed an orc warlord
  8964 | Bailey   | Noticed an orc knight
  8995 | Bailey   | Killed an orc knight
  8996 | Bailey   | Reached skill level 12 in Spellcasting
  9105 | Bailey   | Noticed an orc knight
  9136 | Bailey   | Killed an orc knight
  9279 | Bailey   | Found a runed translucent gate.
  9282 | Bailey   | Found a runed translucent gate.
  9284 | Bailey   | Found a runed translucent gate.
  9333 | Bailey   | Reached XP level 10. HP: 56/56 MP: 20/28
  9423 | Bailey   | Mangled by an orc warlord

Illustrated notes

Levels and vault maps discovered:
D:1:      wander_arrival_lonely_grave, layout_rooms, serial_shops,
          nicolae_shop_rolled_up, serial_forest, infiniplex_forest_straight_2,
          infiniplex_forest_end_2, infiniplex_forest_lined_2,
          infiniplex_forest_diagonal, infiniplex_forest_lined_room_,
          infiniplex_forest_lined_room_2, infiniplex_forest_lined_room_2,
          minmay_box_of_dots
D:2:      layout_rooms, minmay_pentomino_s4, uniq_jessica
D:3:      layout_loops_corners, nicolae_overflow_hidden_temple,
          ashenzari_altar_1, amcnicky_mini_pool_small,
          dreamdust_princess_corridor
D:4:      layout_layer_cave, minmay_mini_ossuary
D:5:      layout_basic, nemelex_diamond_rough_becter, minivault_25
D:6:      layout_basic, grunt_decor_one_mirror
D:7:      layout_basic, minmay_temple_entry_stoned_glass, uniq_joseph
D:8:      layout_loops_ring, overflow_temple_1_default, elyvilon_altar_3,
          enter_bailey_3
Temple:   hellmonk_temple_of_storms
Bailey:   bailey_axe_bossmonster_kennysheep, bailey

Skill      XL: |  1  2  3  4  5  6  7  8  9 |
---------------+----------------------------+-----
Spellcasting   | 5 6 7 8 10 12 | 12.5
Armour         | 1 3 |  3.2
Fighting       | 1 2 3 |  3.5
Conjurations   | 2 3 4 5 7 |  7.1
Stealth        | 3 |  3.0
Dodging        | 3 |  3.0
Necromancy     | 1 |  1.2
Evocations     | 1 |  1.0
Air Magic      | 1 |  1.2
Poison Magic   | 1 |  1.2
Earth Magic    | 1 2 4 6 |  6.0
Summonings     | |  1.1
Translocations | |  1.1

Action                     |  1- 3 |  4- 6 |  7- 9 | 10-12 || total
---------------------------+-------+-------+-------+-------++-------
  Melee: Short sword       |     1 |    50 |    26 |       ||    77
         Hand axe          |       |       |    15 |       ||    15
         Punch             |       |       |     4 |       ||     4
         Dagger            |       |       |    44 |       ||    44
   Cast: Magic Dart        |   117 |   164 |    43 |       ||   324
         Mephitic Cloud    |       |     8 |    16 |     2 ||    26
         Call Imp          |       |     5 |       |       ||     5
         Stone Arrow       |       |       |    74 |     1 ||    75
         Blink             |       |       |     1 |     1 ||     2
         Foxfire           |       |       |    38 |     1 ||    39
  Evoke: Wand              |       |       |       |     4 ||     4
    Use: Scroll            |     1 |     1 |       |       ||     2
   Stab: Sleeping          |     1 |     1 |       |       ||     2
         Confused          |       |     3 |    10 |       ||    13
         Distracted        |       |     1 |       |       ||     1
 Armour: Robe              |     3 |       |       |       ||     3
         Leather armour    |       |    19 |    25 |       ||    44
  Dodge: Dodged            |    19 |    45 |    71 |     1 ||   136

Table legend: (Time is in decaauts)
 A = Elapsed time spent in this place.
 B = Non-inter-level travel time spent in this place.
 C = Inter-level travel time spent in this place.
 D = Time resting spent in this place.
 E = Time spent auto-exploring this place.
 F = Levels seen in this place.
 G = Mean time per level.
                   A        B        C        D        E       F      G
               +--------+--------+--------+--------+--------+-----+--------+
         Total |   9431 |   9102 |    329 |    278 |   7306 |  10 |  943.1 |
       Dungeon |   8799 |   8486 |    313 |    265 |   6896 |   8 | 1099.9 |
        Temple |     18 |      2 |     16 |      0 |      0 |   1 |   18.0 |
        Bailey |    613 |    613 |      0 |     13 |    410 |   1 |  613.0 |
               +--------+--------+--------+--------+--------+-----+--------+

Top non-repeatable levels by time:
     D:4: 1837 daAuts
     D:3: 1475 daAuts
     D:2: 1234 daAuts
     D:1: 1078 daAuts
     D:6: 1058 daAuts
     D:7: 972 daAuts
     D:5: 810 daAuts
  Bailey: 613 daAuts
     D:8: 331 daAuts
  Temple: 18 daAuts
